Map: Ascension to Aiur LE

Players

Starlord

  • Race: Terran Terran
  • League: Grandmaster
  • Spawn Location: 5:00

Kane - Winner!

  • Race: Zerg Zerg
  • League: Grandmaster
  • Spawn Location: 11:00

VOD

Have the link to the VOD?

Description

Time

  • Played on: Jan. 14, 2018, 7:47 p.m.
  • Length: 17:58
Show
View Real Time Build Order
Export as new Build Order

Starlord Terran 

Build Orders: Mech 

Get SALT Encoding   

  12  0:01  SCV  
  13  0:13  SCV  
  14  0:18  Supply Depot  
  14  0:25  SCV  
  15  0:35  Refinery  
  15  0:39  SCV  
  16  0:44  Barracks  
  16  0:51  SCV  
  17  1:03  SCV  
  18  1:16  SCV  
  19  1:26  Refinery  
  19  1:28  SCV  
  20  1:33  Marine  
  20  1:36  Ghost Academy  
  21  1:41  Orbital Command  
  21  1:42  Supply Depot  
  21  1:52  Barracks Tech Lab  
  21  2:07  Factory  
  21  2:13  SCV  
  22  2:19  Ghost  
  24  2:25  SCV  
  24  2:37  Supply Depot, SCV  
  25  2:48  Ghost  
  25  2:49  SCV  
  28  2:59  Supply Depot, Factory Reactor  
  28  3:01  SCV  
  29  3:17  Ghost  
  31  3:26  Command Center  
  31  3:45  SCV  
  32  3:55  Hellion x2  
  36  3:56  Armory  
  36  3:57  SCV  
  36  3:58  Supply Depot  
  37  4:09  SCV  
  38  4:16  Hellion x2  
  40  4:17  Ghost  
  40  4:22  SCV  
  43  4:38  Hellion x2  
  47  4:45  Ghost  
  47  4:51  Hellion x2  
  45  5:02  Hellion  
  45  5:03  Hellion  
  49  5:08  Orbital Command  
  49  5:24  Hellion  
  49  5:28  SCV  
  52  5:29  Ghost  
  52  5:33  Refinery, Factory  
  52  5:34  Refinery, Factory  
  52  5:35  SCV  
  55  5:40  SCV  
  55  5:42  Terran Vehicle Weapons Level 1  
  56  5:47  SCV  
  56  5:48  Hellion x2  
  61  5:52  SCV  
  62  6:00  SCV  
  63  6:04  Ghost  
  57  6:30  Hellion x2  
  57  6:31  Factory Tech Lab x2  
  57  6:32  SCV x2, Command Center  
  63  6:37  Supply Depot  
  63  6:38  Supply Depot  
  49  7:00  SCV  
  49  7:01  Supply Depot, SCV  
  53  7:03  Siege Tank  
  53  7:04  Supply Depot  
  53  7:07  Siege Tank  
  61  7:08  Hellion x2  
  61  7:13  SCV  
  61  7:14  SCV, Engineering Bay  
  63  7:25  SCV  
  63  7:26  SCV  
  65  7:36  Terran Vehicle Weapons Level 2  
  65  7:38  Siege Tank, Hellion x2  
  65  7:43  SCV x2  
  74  7:45  Supply Depot  
  74  7:47  Orbital Command  
  74  7:59  Hellion x2  
  78  8:11  Thor  
  78  8:12  Hellion  
  87  8:20  SCV x2, Hellion  
  87  8:21  SCV  
  87  8:22  Refinery  
  87  8:23  Refinery  
  91  8:32  SCV  
  92  8:44  Siege Tank, Hellion x2  
  97  8:53  SCV x3  
  97  8:54  Siege Tank  
  103  9:04  Factory x2  
  103  9:05  Factory  
  103  9:06  SCV x3  
  103  9:07  Factory  
  106  9:10  Barracks Reactor  
  106  9:18  SCV x3  
  106  9:21  Supply Depot, Siege Tank  
  106  9:22  Hellion x2  
  96  9:53  Siege Tank, Terran Vehicle And Ship Armor Level 1, Hellion x2  
  93  10:02  Siege Tank  
  93  10:04  SCV  
  93  10:05  SCV x2  
  93  10:10  Infernal Pre-Igniter  
  84  10:14  Thor  
  84  10:16  Command Center  
  84  10:17  SCV x2  
  91  10:21  SCV  
  91  10:25  Hellion x2  
  91  10:26  Factory Tech Lab, Hellion x2  
  91  10:27  Factory Tech Lab, Siege Tank  
  103  10:29  SCV  
  103  10:31  Building Armor  
  103  10:34  Siege Tank, Missile Turret  
  107  10:35  SCV  
  107  10:37  Missile Turret  
  108  10:43  Barracks Tech Lab, SCV x2  
  108  10:47  Hellion  
  112  10:50  Missile Turret  
  112  10:53  Supply Depot  
  112  10:54  Supply Depot  
  112  10:58  Siege Tank  
  112  11:00  Hellion x2  
  117  11:09  Command Center  
  116  11:12  Siege Tank, Hellion  
  121  11:21  Siege Tank x2, Hellion x2  
  131  11:30  Smart Servos  
  131  11:32  Siege Tank, Hellion x2  
  138  11:46  Siege Tank, Hellion  
  138  11:47  Hellion  
  145  11:48  SCV x2  
  145  11:52  Hellion  
  149  11:57  Hellion  
  149  12:00  Command Center  
  139  12:11  Hellion x2, Command Center  
  139  12:13  Hellion x2  
  139  12:14  Hellion  
  149  12:20  Terran Vehicle Weapons Level 3  
  149  12:45  Hellion  
  149  12:46  Hellion x4  
  149  12:47  Hellion x2  
  149  12:55  Hellion  
  149  12:59  Supply Depot x2  
  149  13:01  Supply Depot  
  149  13:02  Siege Tank  
  152  13:06  Hellion  
  152  13:07  Hellion  
  152  13:08  Hellion x3  
  152  13:09  Hellion  
  152  13:12  Hellion  
  154  13:16  Hellion  
  154  13:19  Refinery  
  151  13:26  Starport  
  149  13:27  Starport  
  149  13:28  Hellion  
  149  13:29  Hellion x2  
  149  13:32  Orbital Command  
  155  13:36  Hellion, Refinery  
  157  13:46  Thor  
  163  13:52  Missile Turret  
  156  14:08  Orbital Command  
  155  14:16  Viking x2  
  150  14:18  Thor x2  
  122  14:37  Hellion x3  
  122  14:38  Hellion x2, Thor  
  134  14:46  Viking, Hellion  
  128  14:58  Hellion  
  128  14:59  Hellion x2  
  124  15:11  Hellion x2  
  124  15:12  Thor  
  125  15:40  Hellion x5  
  125  15:42  Hellion x3  
  119  16:00  Hellion x2  
  117  16:04  Viking  
  117  16:05  Viking  
  117  16:06  Thor x2  
  117  16:09  SCV x2  
  135  16:13  Orbital Command, Command Center  
  135  16:23  Hellion x2  
  137  16:32  Thor  
  137  16:33  Refinery  
  137  16:34  Viking x2  
  137  16:35  Refinery  
  137  16:51  Hellion x2  
  135  17:03  Thor  
  135  17:06  Command Center  
  139  17:09  Hellion  
  139  17:12  Thor  
  147  17:23  Viking x2  
Show
View Real Time Build Order
Export as new Build Order

Kane Zerg - Winner!

Build Orders: Pool First 

Get SALT Encoding   

  12  0:01  Drone  
  13  0:12  Overlord  
  13  0:17  Drone  
  14  0:31  Drone x2  
  16  0:41  Spawning Pool  
  15  0:45  Drone  
  15  0:49  Drone  
  17  1:09  Hatchery  
  16  1:15  Drone  
  17  1:18  Extractor  
  16  1:27  Queen  
  16  1:28  Zergling x2  
  16  1:30  Zergling x2  
  20  1:38  Drone  
  21  1:41  Overlord  
  21  1:50  Drone  
  22  2:01  Drone  
  23  2:03  Queen  
  25  2:17  Drone  
  25  2:21  Metabolic Boost  
  26  2:25  Overlord  
  26  2:26  Drone  
  27  2:33  Queen  
  29  2:38  Drone x2  
  29  2:42  Drone  
  29  2:43  Drone  
  33  2:48  Overlord  
  33  2:53  Drone x2  
  34  2:59  Drone  
  34  3:03  Spore Crawler  
  34  3:04  Drone x2  
  36  3:11  Queen  
  38  3:13  Zergling x2  
  38  3:14  Zergling x2  
  38  3:16  Zergling x2  
  41  3:22  Drone  
  41  3:23  Overlord  
  43  3:34  Drone x2  
  44  3:47  Drone x3  
  46  3:50  Zergling x6  
  48  3:57  Overlord  
  48  4:01  Baneling Nest  
  45  4:06  Zergling x6  
  44  4:19  Zergling x6  
  44  4:20  Zergling x4  
  44  4:21  Zergling x8  
  44  4:23  Queen  
  54  4:25  Overlord  
  54  4:27  Lair  
  54  4:33  Zergling x4  
  56  4:44  Drone x2  
  57  4:48  Hatchery  
  57  4:52  Drone  
  54  4:54  Drone x3  
  54  4:55  Drone  
  58  5:02  Queen, Drone x2  
  61  5:07  Overlord  
  61  5:10  Extractor  
  61  5:12  Zergling x4  
  62  5:24  Zergling x2  
  62  5:27  Overseer  
  61  5:29  Overseer  
  61  5:30  Overlord  
  61  5:33  Zergling x6  
  61  5:34  Zergling x8  
  68  5:37  Zergling x2  
  68  5:40  Queen  
  68  5:42  Overlord  
  71  5:54  Drone x2  
  73  5:57  Drone  
  73  5:58  Drone x2  
  73  6:02  Baneling x6, Evolution Chamber  
  73  6:03  Evolution Chamber  
  74  6:04  Drone  
  74  6:05  Drone x2  
  74  6:06  Queen  
  79  6:17  Zergling x10  
  67  6:25  Zergling x6  
  65  6:31  Zergling x6  
  67  6:34  Zergling x4  
  67  6:39  Zergling x2  
  63  6:49  Zergling x4  
  63  6:53  Drone x2  
  62  6:54  Zerg Ground Armor Level 1  
  62  6:55  Zerg Melee Weapons Level 1  
  62  6:56  Queen  
  64  7:02  Drone x5  
  70  7:08  Drone x4  
  70  7:09  Drone  
  74  7:19  Drone x3  
  77  7:23  Overlord  
  77  7:26  Extractor  
  77  7:27  Extractor  
  77  7:28  Hydralisk Den, Extractor  
  72  7:31  Baneling x4  
  72  7:32  Baneling  
  72  7:35  Drone x4  
  72  7:36  Drone x4  
  80  7:38  Queen  
  82  7:45  Overlord  
  82  7:47  Drone x3  
  85  7:53  Overlord  
  85  7:59  Zergling x4  
  87  8:06  Hydralisk  
  87  8:07  Hydralisk x5  
  99  8:13  Extractor  
  99  8:15  Zergling x8  
  99  8:18  Muscular Augments  
  99  8:19  Drone  
  104  8:20  Drone x2  
  104  8:22  Drone  
  106  8:28  Drone x2  
  108  8:34  Hatchery, Centrifical Hooks  
  103  8:43  Drone  
  103  8:44  Drone x5  
  109  8:51  Drone x3  
  109  8:54  Zerg Melee Weapons Level 2, Zerg Ground Armor Level 2  
  112  9:12  Hydralisk x5  
  112  9:14  Overlord  
  122  9:18  Overlord x2, Infestation Pit  
  121  9:30  Zergling x6  
  121  9:31  Zergling x16  
  112  9:43  Zergling x6  
  110  9:52  Zergling x4  
  106  9:57  Hydralisk x3  
  106  9:58  Hydralisk  
  101  10:04  Zergling x4  
  99  10:09  Hive  
  99  10:11  Spire, Hydralisk x2  
  100  10:16  Hatchery  
  100  10:18  Zergling x4  
  100  10:19  Zergling x6  
  104  10:27  Drone x3  
  104  10:28  Drone x4  
  110  10:33  Hydralisk  
  112  10:36  Zergling x2  
  112  10:38  Baneling x10  
  112  10:39  Overseer  
  113  10:49  Zergling x2  
  113  10:50  Zergling x16  
  120  10:58  Zergling x6  
  120  11:01  Zergling x4  
  118  11:23  Greater Spire  
  118  11:24  Corruptor x3  
  118  11:25  Corruptor x2  
  128  11:27  Overlord x3  
  128  11:30  Zergling x2  
  128  11:31  Zergling x10  
  133  11:45  Zergling x2  
  133  11:46  Zergling x14  
  141  11:51  Zergling x2  
  141  11:52  Zergling x10  
  141  11:53  Hatchery  
  132  12:09  Corruptor x3  
  132  12:11  Drone  
  132  12:15  Spine Crawler  
  138  12:18  Overlord  
  136  12:34  Brood Lord x5  
  136  12:35  Hydralisk  
  136  12:36  Hydralisk x4  
  156  12:43  Spine Crawler  
  155  12:50  Brood Lord x2  
  155  12:51  Corruptor x2  
  153  13:00  Zergling x4  
  150  13:12  Drone x2  
  150  13:13  Drone x5  
  150  13:15  Extractor  
  150  13:16  Extractor, Zergling x2  
  150  13:17  Zergling x22  
  163  13:20  Zerg Flyer Armor Level 1  
  163  13:27  Corruptor x2  
  163  13:29  Spine Crawler, Corruptor  
  168  13:41  Zergling x12  
  173  13:43  Zerg Melee Weapons Level 3  
  174  13:57  Baneling x9  
  174  14:02  Zergling x2  
  174  14:03  Zergling x18  
  181  14:16  Zergling x14  
  174  14:32  Overlord x2  
  167  14:39  Corruptor x5  
  171  14:51  Hatchery  
  166  14:59  Corruptor x2  
  166  15:00  Corruptor x3  
  166  15:02  Zerg Ground Armor Level 3  
  176  15:10  Corruptor x2  
  180  15:19  Zergling x2  
  180  15:20  Zergling x14  
  188  15:23  Zergling x4  
  181  15:40  Drone  
  181  15:42  Ultralisk Cavern  
  179  15:43  Zergling x2  
  179  15:44  Zergling x20  
  175  15:58  Zergling x2  
  175  15:59  Zergling x6  
  174  16:06  Drone x4  
  174  16:08  Drone  
  179  16:17  Adrenal Glands  
  179  16:27  Baneling x3  
  179  16:33  Hydralisk x3  
  179  16:34  Hydralisk x3  
  187  16:57  Corruptor x4  
  187  16:58  Corruptor x2  
  187  17:00  Overseer x2  
  194  17:16  Spine Crawler  
  194  17:19  Spine Crawler  
  194  17:20  Spine Crawler  
  194  17:22  Spine Crawler, Hydralisk x4  
Tags
 
Add a new tag
Caveats
  • Supply blocks, unpowered buildings, or Contaminate may cause inaccurate times.
  • Supply counts are checked every 10 seconds.